TOP OF THE 1ST |
Baffin Island Beavers batting - Pitching for Chicago Machine : RHP Anthony Jackson
|
Pitching: RHP Anthony Jackson
|
|
Batting: RHB Raúl Soto
|
0-0: Ball 1-0: Foul Ball, location: 2F 1-1: Swinging Strike 1-2: Ball 2-2: Ground out 6-3 (Groundball, 6)
|
Batting: SHB Alonso Ferreira
|
0-0: Ball 1-0: Ball 2-0: Swinging Strike 2-1: Called Strike 2-2: Ball 3-2: Base on Balls
|
Batting: LHB Chris Bates
|
0-0: Foul Ball, location: 2F 0-1: Ball 1-1: Swinging Strike 1-2: Ball 2-2: Foul Ball, location: 2F 2-2: Ball 3-2: Fly out, F7 (Flyball, 7S)
|
Batting: RHB Tony Morton
|
0-0: Foul Ball, location: 2F 0-1: Ground out 1-3 (Groundball, 15S)
|
Top of the 1st over - 0 run(s), 0 hit(s), 0 error(s), 1 left on base; Baffin Island 0 - Chicago 0 |
BOTTOM OF THE 1ST |
Chicago Machine batting - Pitching for Baffin Island Beavers : LHP Jaime Guzmán
|
Pitching: LHP Jaime Guzmán
|
|
Batting: LHB Fernando Ortíz
|
0-0: Ball 1-0: Called Strike 1-1: Foul Ball, location: 2F 1-2: Foul Ball, location: 2F 1-2: Ground out 4-3 (Groundball, 4)
|
Batting: RHB Lorenzo Guzmán
|
0-0: Ball 1-0: Ball 2-0: SINGLE (Groundball, 34D)
|
Batting: RHB Doug Stephens
|
0-0: Ball 1-0: Ball 2-0: Called Strike 2-1: Grounds into double play, 2-6-3 (Groundball, 2R)
|
Bottom of the 1st over - 0 run(s), 1 hit(s), 0 error(s), 0 left on base; Baffin Island 0 - Chicago 0 |
TOP OF THE 2ND |
Baffin Island Beavers batting - Pitching for Chicago Machine : RHP Anthony Jackson
|
Batting: LHB Norberto Muñóz
|
0-0: Swinging Strike 0-1: Foul Ball, location: 2F 0-2: Ball 1-2: Foul Ball, location: 2F 1-2: Foul Ball, location: 2F 1-2: Ball 2-2: Ground out U3 (Groundball, 34)
|
Batting: LHB Mike MacFadden
|
0-0: Swinging Strike 0-1: Ball 1-1: Swinging Strike 1-2: Ball 2-2: Strikes out swinging
|
Batting: LHB Keng-chi Lao
|
0-0: Ball 1-0: Fly out, F7 (Flyball, 7)
|
Top of the 2nd over - 0 run(s), 0 hit(s), 0 error(s), 0 left on base; Baffin Island 0 - Chicago 0 |
BOTTOM OF THE 2ND |
Chicago Machine batting - Pitching for Baffin Island Beavers : LHP Jaime Guzmán
|
Batting: RHB Matt Doyle
|
0-0: SINGLE (Line Drive, 89M)
|
Batting: LHB Kiyonaga Morita
|
0-0: Swinging Strike 0-1: Called Strike 0-2: Strikes out swinging
|
Batting: SHB Joaquín López
|
0-0: Grounds into double play, 5-4-3 (Groundball, 56)
|
Bottom of the 2nd over - 0 run(s), 1 hit(s), 0 error(s), 0 left on base; Baffin Island 0 - Chicago 0 |
TOP OF THE 3RD |
Baffin Island Beavers batting - Pitching for Chicago Machine : RHP Anthony Jackson
|
Batting: RHB Mario López
|
0-0: Called Strike 0-1: Foul Ball, location: 2F 0-2: Ground out 5-3 (Groundball, 5)
|
Batting: LHB Howard Evans
|
0-0: SINGLE (Groundball, 6D)
|
Batting: RHB Raúl Soto
|
0-0: Fly out, F7 (Flyball, 78M)
|
Batting: SHB Alonso Ferreira
|
0-0: Called Strike 0-1: Ball 1-1: Swinging Strike 1-2: Foul Ball, location: 2F 1-2: Foul Ball, location: 2F 1-2: Foul Ball, location: 2F 1-2: TRIPLE (Flyball, 8LXD) Howard Evans scores
|
Batting: LHB Chris Bates
|
0-0: Swinging Strike 0-1: Called Strike 0-2: Ball 1-2: Ball 2-2: Foul Ball, location: 2F 2-2: Ball 3-2: Fly out, F7 (Flyball, 78M)
|
Top of the 3rd over - 1 run(s), 2 hit(s), 0 error(s), 1 left on base; Baffin Island 1 - Chicago 0 |
BOTTOM OF THE 3RD |
Chicago Machine batting - Pitching for Baffin Island Beavers : LHP Jaime Guzmán
|
Batting: LHB Eric Wheeler
|
0-0: Ball 1-0: SINGLE (Groundball, 6MD)
|
Batting: RHB Sam Wallace
|
0-0: Swinging Strike 0-1: Ball 1-1: Swinging Strike 1-2: Strikes out swinging
|
Batting: SHB Edward Bartlett
|
0-0: Called Strike 0-1: Fly out, F5 (Popup, 5L)
|
Batting: LHB Fernando Ortíz
|
0-0: Called Strike 0-1: Swinging Strike 0-2: Ball 1-2: Fly out, F9 (Line Drive, 9LM)
|
Bottom of the 3rd over - 0 run(s), 1 hit(s), 0 error(s), 1 left on base; Baffin Island 1 - Chicago 0 |
TOP OF THE 4TH |
Baffin Island Beavers batting - Pitching for Chicago Machine : RHP Anthony Jackson
|
Batting: RHB Tony Morton
|
0-0: Swinging Strike 0-1: Called Strike 0-2: Strikes out looking
|
Batting: LHB Norberto Muñóz
|
0-0: Called Strike 0-1: Called Strike 0-2: Strikes out swinging
|
Batting: LHB Mike MacFadden
|
0-0: Ball 1-0: Called Strike 1-1: Swinging Strike 1-2: Ground out 6-3 (Groundball, 6D)
|
Top of the 4th over - 0 run(s), 0 hit(s), 0 error(s), 0 left on base; Baffin Island 1 - Chicago 0 |
BOTTOM OF THE 4TH |
Chicago Machine batting - Pitching for Baffin Island Beavers : LHP Jaime Guzmán
|
Batting: RHB Lorenzo Guzmán
|
0-0: Ball 1-0: Called Strike 1-1: Ball 2-1: Ball 3-1: Base on Balls
|
Batting: RHB Doug Stephens
|
0-0: Called Strike 0-1: Ball 1-1: Ball 2-1: Called Strike 2-2: Fly out, F5 (Popup, 56S)
|
Batting: RHB Matt Doyle
|
0-0: Ball 1-0: Fly out, F3 (Popup, 3S)
|
Batting: LHB Kiyonaga Morita
|
0-0: Ball 1-0: Foul Ball, location: 2F 1-1: Fly out, F4 (Popup, 3D)
|
Bottom of the 4th over - 0 run(s), 0 hit(s), 0 error(s), 1 left on base; Baffin Island 1 - Chicago 0 |
TOP OF THE 5TH |
Baffin Island Beavers batting - Pitching for Chicago Machine : RHP Anthony Jackson
|
Batting: LHB Keng-chi Lao
|
0-0: Foul Ball, location: 2F 0-1: Called Strike 0-2: Ground out 4-3 (Groundball, 4)
|
Batting: RHB Mario López
|
0-0: Called Strike 0-1: Ball 1-1: Foul Ball, location: 2F 1-2: Ball 2-2: Foul Ball, location: 2F 2-2: Fly out, F5 (Popup, 5D)
|
Batting: LHB Howard Evans
|
0-0: Ball 1-0: Ball 2-0: Ball 3-0: Called Strike 3-1: Called Strike 3-2: Strikes out swinging
|
Top of the 5th over - 0 run(s), 0 hit(s), 0 error(s), 0 left on base; Baffin Island 1 - Chicago 0 |
BOTTOM OF THE 5TH |
Chicago Machine batting - Pitching for Baffin Island Beavers : LHP Jaime Guzmán
|
Batting: SHB Joaquín López
|
0-0: Ball 1-0: Foul Ball, location: 2F 1-1: Foul Ball, location: 2F 1-2: Ball 2-2: Ball 3-2: Ground out 6-3 (Groundball, 6)
|
Batting: LHB Eric Wheeler
|
0-0: Fly out, F4 (Line Drive, 4)
|
Batting: RHB Sam Wallace
|
0-0: Ball 1-0: Ball 2-0: Ball 3-0: Called Strike 3-1: Base on Balls
|
Batting: SHB Edward Bartlett
|
0-0: Called Strike Sam Wallace steals 2nd base 0-1: Foul Ball, location: 2F 0-2: Strikes out swinging
|
Bottom of the 5th over - 0 run(s), 0 hit(s), 0 error(s), 1 left on base; Baffin Island 1 - Chicago 0 |
TOP OF THE 6TH |
Baffin Island Beavers batting - Pitching for Chicago Machine : RHP Anthony Jackson
|
Batting: RHB Raúl Soto
|
0-0: Ball 1-0: Foul Ball, location: 2F 1-1: TRIPLE (Flyball, 78XD)
|
Pitching: RHP Rex Welch
|
|
Batting: SHB Alonso Ferreira
|
0-0: Called Strike 0-1: Ball 1-1: Foul Ball, location: 2F 1-2: Ball 2-2: Fly out, F8 (Flyball, 78M) Runner from 3rd tags up, OUT at HOME
|
Batting: LHB Chris Bates
|
0-0: Ball 1-0: Foul Ball, location: 2F 1-1: Foul Ball, location: 2F 1-2: Ball 2-2: Foul Ball, location: 2F 2-2: Foul Ball, location: 2F 2-2: Foul Ball, location: 2F 2-2: Fly out, F7 (Flyball, 7D)
|
Top of the 6th over - 0 run(s), 1 hit(s), 0 error(s), 0 left on base; Baffin Island 1 - Chicago 0 |
BOTTOM OF THE 6TH |
Chicago Machine batting - Pitching for Baffin Island Beavers : LHP Jaime Guzmán
|
Batting: LHB Fernando Ortíz
|
0-0: SINGLE (Line Drive, 8LS)
|
Batting: RHB Lorenzo Guzmán
|
0-0: Ball 1-0: Called Strike 1-1: SINGLE (Groundball, 56D) Fernando Ortíz to second
|
Batting: RHB Doug Stephens
|
0-0: Fly out, F5 (Line Drive, 5F)
|
Batting: RHB Matt Doyle
|
0-0: Called Strike 0-1: Swinging Strike 0-2: Strikes out swinging
|
Batting: LHB Kiyonaga Morita
|
0-0: Foul Ball, location: 2F 0-1: Ball 1-1: Ball 2-1: SINGLE (Line Drive, 8RS) Fernando Ortíz to third Lorenzo Guzmán to second
|
Batting: SHB Joaquín López
|
0-0: Called Strike 0-1: Swinging Strike 0-2: Ball 1-2: Strikes out swinging
|
Bottom of the 6th over - 0 run(s), 3 hit(s), 0 error(s), 3 left on base; Baffin Island 1 - Chicago 0 |
TOP OF THE 7TH |
Baffin Island Beavers batting - Pitching for Chicago Machine : RHP Rex Welch
|
Batting: RHB Tony Morton
|
0-0: Ball 1-0: Called Strike 1-1: Foul Ball, location: 2F 1-2: Ground out 5-3 (Groundball, 5L)
|
Batting: LHB Norberto Muñóz
|
0-0: Called Strike 0-1: Ball 1-1: Foul Ball, location: 2F 1-2: Ball 2-2: Ball 3-2: Foul Ball, location: 2F 3-2: SINGLE (Groundball, 6MD)
|
Batting: LHB Mike MacFadden
|
0-0: Ground out 4-3 (Groundball, 34D) Norberto Muñóz to second
|
Batting: LHB Keng-chi Lao
|
0-0: Called Strike 0-1: DOUBLE (Line Drive, 9LM) Norberto Muñóz scores
|
Batting: RHB Mario López
|
0-0: Ball 1-0: Called Strike 1-1: SINGLE (Line Drive, 8LS) Keng-chi Lao to third Runner from 3rd tries for Home, SAFE, no throw
|
Batting: LHB Howard Evans
|
0-0: Called Strike 0-1: Swinging Strike 0-2: Ball 1-2: Strikes out swinging
|
Top of the 7th over - 2 run(s), 3 hit(s), 0 error(s), 1 left on base; Baffin Island 3 - Chicago 0 |
BOTTOM OF THE 7TH |
Chicago Machine batting - Pitching for Baffin Island Beavers : LHP Jaime Guzmán
|
Batting: LHB Eric Wheeler
|
0-0: Ball 1-0: Ball 2-0: Ball 3-0: Called Strike 3-1: Foul Ball, location: 2F 3-2: Foul Ball, location: 2F 3-2: Fly out, F7 (Line Drive, 7)
|
Batting: RHB Sam Wallace
|
0-0: Ball 1-0: Ball 2-0: Called Strike 2-1: Fly out, F6 (Popup, 6D)
|
Batting: SHB Edward Bartlett
|
0-0: Ball 1-0: Foul Ball, location: 2F 1-1: Called Strike 1-2: Ball 2-2: Ball 3-2: Strikes out looking
|
Bottom of the 7th over - 0 run(s), 0 hit(s), 0 error(s), 0 left on base; Baffin Island 3 - Chicago 0 |
TOP OF THE 8TH |
Baffin Island Beavers batting - Pitching for Chicago Machine : RHP Rex Welch
|
Batting: RHB Raúl Soto
|
0-0: Called Strike 0-1: Ball 1-1: Ball 2-1: Ball 3-1: Base on Balls
|
Batting: SHB Alonso Ferreira
|
0-0: Sac Bunt - play at first, batter OUT! 1-3 Raúl Soto to second
|
Batting: LHB Chris Bates
|
0-0: Swinging Strike 0-1: Ball 1-1: Ball 2-1: Foul Ball, location: 2F 2-2: Strikes out swinging
|
Batting: RHB Tony Morton
|
0-0: Foul Ball, location: 2F 0-1: Swinging Strike 0-2: Ball 1-2: Foul Ball, location: 2F 1-2: SINGLE (Groundball, 34D) Raúl Soto to third Runner from 3rd tries for Home, SAFE, no throw
|
Pitching: RHP Cory Lowe
|
|
Batting: LHB Norberto Muñóz
|
0-0: Ball 1-0: Ball 2-0: Ball 3-0: Called Strike 3-1: Swinging Strike 3-2: Strikes out looking
|
Top of the 8th over - 1 run(s), 1 hit(s), 0 error(s), 1 left on base; Baffin Island 4 - Chicago 0 |
BOTTOM OF THE 8TH |
Chicago Machine batting - Pitching for Baffin Island Beavers : LHP Jaime Guzmán
|
Batting: LHB Fernando Ortíz
|
0-0: Ball 1-0: Called Strike 1-1: Ball 2-1: Swinging Strike 2-2: Foul Ball, location: 2F 2-2: Strikes out swinging
|
Pitching: RHP Alonso Gallardo
|
|
Batting: RHB Lorenzo Guzmán
|
0-0: DOUBLE (Groundball, 5L)
|
Batting: RHB Doug Stephens
|
0-0: Ball 1-0: Ground out 6-3 (Groundball, 6)
|
Batting: RHB Matt Doyle
|
0-0: Ball 1-0: Ball 2-0: Ball 3-0: Called Strike 3-1: Swinging Strike 3-2: Foul Ball, location: 2F 3-2: Strikes out looking
|
Bottom of the 8th over - 0 run(s), 1 hit(s), 0 error(s), 1 left on base; Baffin Island 4 - Chicago 0 |
TOP OF THE 9TH |
Baffin Island Beavers batting - Pitching for Chicago Machine : RHP Cory Lowe
|
Batting: LHB Mike MacFadden
|
0-0: Ball 1-0: Called Strike 1-1: Swinging Strike 1-2: Ground out 3-1 (Groundball, 34)
|
Batting: LHB Keng-chi Lao
|
0-0: Foul Ball, location: 2F 0-1: Ball 1-1: Ball 2-1: Swinging Strike 2-2: Ball 3-2: TRIPLE (Flyball, 8LD)
|
Batting: RHB Mario López
|
0-0: Ball 1-0: Swinging Strike 1-1: Ball 2-1: Foul Ball, location: 2F 2-2: SINGLE (Line Drive, 78M) Keng-chi Lao scores
|
Batting: LHB Howard Evans
|
0-0: Called Strike 0-1: Foul Ball, location: 2F 0-2: Ball 1-2: Fly out, F8 (Flyball, 8RM)
|
Batting: RHB Raúl Soto
|
0-0: Foul Ball, location: 2F 0-1: Foul Ball, location: 2F 0-2: Ball 1-2: Strikes out swinging
|
Top of the 9th over - 1 run(s), 2 hit(s), 0 error(s), 1 left on base; Baffin Island 5 - Chicago 0 |
BOTTOM OF THE 9TH |
Chicago Machine batting - Pitching for Baffin Island Beavers : RHP Alonso Gallardo
|
Pitching: LHP Edgardo Guzmán
|
|
Now at 1B: Ángelo García
|
|
Batting: LHB Kiyonaga Morita
|
0-0: Ball 1-0: Ground out 6-3 (Groundball, 6)
|
Batting: SHB Joaquín López
|
0-0: Foul Ball, location: 2F 0-1: Swinging Strike 0-2: Strikes out looking
|
Batting: LHB Eric Wheeler
|
0-0: Ball 1-0: Ball 2-0: Foul Ball, location: 2F 2-1: SINGLE (Flyball, 8LS)
|
Batting: RHB Sam Wallace
|
0-0: Ball 1-0: Called Strike 1-1: Foul Ball, location: 2F 1-2: Foul Ball, location: 2F 1-2: Strikes out looking
|
Bottom of the 9th over - 0 run(s), 1 hit(s), 0 error(s), 1 left on base; Baffin Island 5 - Chicago 0 |
|